Match 43613553
Unlisted

Match 43613553
End
Construct Barracks
Selects Heavy Weapons
Riflemen Squad
Riflemen Squad
Construct Weapon Support Center
M1919 Machine Gun Team
Selects M2HB .50cal Heavy Machine Gun
Grenade Package
Engineer Squad
Mechanized Support Center
Construct Medical Station
Selects Assault Carriers
M3 Assault Carrier
.30 cal Machine Gun
.30 cal Machine Gun
Designate Forward Repair Station
M1 Mortar Team
Selects Exchangeable Parts
Construct Motor Pool
M1919 Machine Gun Team
M1 Anti-tank Gun Team
Construct Tank Depot
Sabom
Quejour
amfriendly
Dromaeda
SmeltedElk
Blanco
0
0

Comments sign in to comment!

No comments posted yet!